AoeStats
← Blei Blei

Arena

510162804Analyzed
3v3 RM · 4d ago on Sep 29, 2026· 38m 37s· 6 players
Game mode
Random Map
Map size
Normal (6 player)
Population
200
Speed
Normal
Resources
Standard
Victory
Conquest
Starting age
Dark Age
Ending age
Imperial Age
RankedLock teamsTeams togetherTeam positionsShared explorationLock speedFull tech treeHidden civsTurbo modeCheats
Victory
Defeat
🇩🇪 Celts · Germany
959
+12
🇩🇪 Bohemians · Germany
891
+15
🇩🇪 Wu · Germany
870
+15
🇵🇪 Chinese · Peru
949
-18
🇵🇪 Japanese · Peru
818
-12
🇵🇪 Persians · Peru
817
-12
Abel Huamaní
10:37 Feudal Age
15:43 Castle Age
14:36 Double-Bit Axe
14:32 Horse Collar
24:51 Pikeman
25:31 Squires
28:07 Murder Holes
29:42 Scale Barding Armor
29:47 Forging
32:34 Imperial Age
34:23 Masonry
34:01 Halberdier
Blei Blei
10:11 Feudal Age
15:43 Castle Age
14:39 Double-Bit Axe
17:19 Bow Saw
18:23 Wheelbarrow
17:32 Horse Collar
25:14 Hand Cart
25:11 Heavy Plow
31:22 Imperial Age
28:39 Town Watch
28:40 Loom
28:52 Gold Mining
28:53 Stone Mining
30:18 Town Patrol
32:01 Gold Shaft Mining
32:02 Stone Shaft Mining
31:28 Fletching
33:39 Two-Man Saw
32:42 Padded Archer Armor
32:38 Bodkin Arrow
32:56 Forging
33:44 Conscription
32:44 Elite Chu Ko Nu
34:46 Bracer
35:02 Leather Archer Armor
35:24 Iron Casting
36:17 Chemistry
35:38 Ballistics
36:27 Scale Mail Armor
36:59 Ring Archer Armor
37:32 Blast Furnace
36:46 Elite Fire Lancer
37:27 Squires
37:12 Arson
Fuck THIS
1:48 Loom
11:46 Feudal Age
12:30 Double-Bit Axe
12:29 Horse Collar
14:41 Stone Mining
17:58 Castle Age
28:54 Heavy Plow
29:08 Bow Saw
28:53 Gold Mining
34:32 Imperial Age
32:48 Forging
32:38 Scale Mail Armor
33:20 Gold Shaft Mining
34:31 Iron Casting
34:11 Chain Mail Armor
35:05 Scale Barding Armor
35:33 Fortified Wall
35:44 Elite Samurai
36:10 Cavalier
Ronin501
12:04 Feudal Age
14:30 Double-Bit Axe
16:59 Castle Age
16:03 Loom
17:01 Forging
18:30 Fletching
24:35 Wheelbarrow
26:28 Ballistics
30:19 Imperial Age
28:07 Town Watch
29:41 Chemistry
28:31 Crossbowman
30:05 Murder Holes
31:04 Hand Cart
30:50 Town Patrol
30:41 Pikeman
33:26 Iron Casting
32:52 Scale Mail Armor
33:58 Arbalester
36:15 Bodkin Arrow
36:36 Chain Mail Armor
36:24 Padded Archer Armor
37:17 Halberdier
L. Erikson
10:56 Feudal Age
17:24 Castle Age
16:20 Loom
17:11 Wheelbarrow
18:04 Double-Bit Axe
18:01 Horse Collar
18:33 Pikeman
22:34 Fervor
26:52 Devotion
29:16 Hand Cart
30:18 Ballistics
31:16 Fletching
31:18 Stronghold
36:14 Imperial Age
33:33 Arson
36:48 Scale Mail Armor
36:58 Forging
38:53 Chemistry
37:20 Heavy Scorpion
BButcher23
11:33 Feudal Age
13:56 Double-Bit Axe
16:50 Castle Age
17:22 Wheelbarrow
16:34 Town Watch
16:35 Loom
18:32 Bow Saw
22:10 Hand Cart
23:26 Horse Collar
27:39 Heavy Plow
32:55 Imperial Age
31:37 Red Cliffs Tactics
31:32 Fletching
31:43 Padded Archer Armor
32:04 Town Patrol
32:56 Bodkin Arrow
33:16 Leather Archer Armor
33:24 Ballistics
33:01 Murder Holes
33:15 Elite Fire Archer
34:18 Conscription
34:04 Bracer
36:21 Chemistry
Connection lost

Rejoining the realm…

Still unreachable

The connection could not be restored.

Session expired

The server has moved on; the page needs a fresh start.